 Dungeon Crawl Stone Soup version 0.29.1-15-g9cfb28693d (webtiles) character file.

Game seed: 10518596468606052490

2564 croobank the Demonic Child (level 9, -24/58 HPs)
             Began as a Demonspawn Fire Elementalist on Apr 20, 2023.
             Was a Follower of Hepliaklqana.
             Killed by an exploding butterfly (25 damage)
             ... ignited by their inner flame
             ... in a bailey.
             The game lasted 00:22:31 (9470 turns).

croobank the Demonic Child (DsFE)                   Turns: 9470, Time: 00:22:32

Health: -24/58     AC:  8    Str:  9    XL:     9   Next: 31%
Magic:  3/15       EV: 32    Int: 21    God:    Hepliaklqana [*.....]
Gold:   304        SH:  0    Dex: 13    Spells: 4/16 levels left

rFire   . . .      SeeInvis .   a - +10 dagger "Hurgheq" {vorpal, rN+ rCorr}
rCold   . . .      Faith    .   (no shield)
rNeg    + . .      Spirit   .   p - +0 robe
rPois   .          Reflect  .   m - +2 helmet
rElec   .          Harm     .   (no cloak)
rCorr   +          Rampage  .   (no gloves)
Will    +....                   o - +2 pair of boots
Stlth   +++.......              c - amulet of the acrobat
HPRegen 0.19/turn               r - ring of willpower
MPRegen 0.14/turn               (no ring)

@: acrobatic, repel missiles
A: reduced essence, repulsion field 3, demonic guardian 1
a: Renounce Religion, Recall Ancestor, Ancestor Identity


You were in a bailey.
You worshipped Hepliaklqana.
Hepliaklqana was aware of your devotion.
You visited 2 branches of the dungeon, and saw 8 of its levels.
You also visited: Bailey.

You collected 497 gold pieces.
You spent 193 gold pieces at shops.

Inventory:

Hand Weapons
 a - the +10 dagger "Hurgheq" (weapon) {vorpal, rN+ rCorr}
   (You found it on level 3 of the Dungeon)

   It inflicts extra damage upon your enemies.
   rN:        It protects you from negative energy.
   rCorr:     It protects you from acid and corrosion.
 b - a +0 sling
 j - a +4 vorpal mace
 w - a +5 scimitar of flaming
 A - a +1 antimagic dagger
 C - a +2 short sword of electrocution
Missiles
 d - 30 poisoned darts
 i - 2 curare-tipped darts
 q - 3 javelins
Armour
 k - a +0 ring mail
 m - a +2 helmet (worn)
 o - a +2 pair of boots (worn)
 p - a +0 robe (worn)
Jewellery
 c - an amulet of the acrobat (around neck)
 r - a ring of willpower (left hand)
 D - a ring of protection from cold
Wands
 y - a wand of digging (8)
Scrolls
 h - a scroll of fear {unknown}
 x - a scroll of enchant weapon {unknown}
 E - a scroll of blinking
Potions
 e - 5 potions of curing
 f - 4 potions of might
 g - a potion of cancellation
 l - 4 potions of heal wounds
 s - a potion of magic
 t - 2 potions of lignification
 u - 4 potions of haste {unknown}
 z - a potion of flight {unknown}
 B - a potion of ambrosia {unknown}
 F - a potion of invisibility {unknown}


   Skills:
 + Level 3.8 Fighting
 + Level 3.2 Short Blades
 + Level 4.1 Dodging
 + Level 4.5 Stealth
 + Level 4.1 Spellcasting
 + Level 4.2 Conjurations
 * Level 0.0 Transmutations
 + Level 4.7 Fire Magic
 + Level 3.6 Poison Magic
 * Level 6.3 Invocations


You had 4 spell levels left.
You knew the following spells:

 Your Spells              Type           Power      Damage    Failure   Level
a - Foxfire               Conj/Fire      92%        2x1d8     1%          1
b - Scorch                Fire           48%        2d7       2%          2
c - Beastly Appendage     Tmut           8%         N/A       12%         1
d - Wereblood             Tmut           4%         N/A       19%         2
e - Poisonous Vapours     Pois/Air       22%        N/A       9%          2
f - Flame Wave            Conj/Fire      23%        2d8       19%         4

Your spell library contained the following spells:

 Spells                   Type           Power      Damage    Failure   Level
 Sting                    Tmut/Pois      48%        1d5       5%          1
 Conjure Flame            Conj/Fire      23%        6-21      5%          3
 Inner Flame              Hex/Fire       14%        N/A       14%         3
 Spider Form              Tmut/Pois      12%        N/A       17%         3
 Olgreb's Toxic Radiance  Pois           19%        N/A       26%         4
 Malign Gateway           Summ/Tloc      2%         N/A       100%        7
 Summon Horrible Things   Summ           2%         N/A       100%        8


Dungeon Overview and Level Annotations

Branches:
Dungeon (7/15)             Temple (1/1) D:5          Bailey (1/1)

Altars:
Ashenzari
Cheibriados
Dithmenos
Fedhas
Gozag
Hepliaklqana
Kikubaaqudgha
Makhleb
Nemelex Xobeh
Okawaru
Qazlal
Ru
Sif Muna
Trog
Uskayaw
Vehumet
Wu Jian
Xom
Yredelemnul

Shops:
D:1 *?*   D:4 *

Annotations:
D:4 3 runed translucent doors, pajopajo's ghost, amateur DrIE


Innate Abilities, Weirdness & Mutations

Your life essence is reduced to manifest your ancestor. (-10% HP)
You are surrounded by a strong repulsion field. (EV +4, RMsl)
A weak demonic guardian rushes to your aid.


Message History

Your butterfly dies!
Your butterfly disappears in a burst of colours!
The orc warrior hits your butterfly with a +0 spear!
Your butterfly dies!
Your butterfly disappears in a burst of colours!
There is an open door here.
The orc warrior suddenly jeers, as Orcs often do.
The orc warrior hits your butterfly with a +0 halberd!
Your butterfly dies!
Your butterfly disappears in a burst of colours!
Okay, then.
You swap places.
You swap places.
Really read the scroll of immolation?
As you read the scroll of immolation, it crumbles to dust.
The creatures around you are filled with an inner flame!
The orc warrior completely misses you.
The orc warrior hits your butterfly with a +0 trident!
Your butterfly disappears in a burst of colours!
Your butterfly explodes!
The fiery explosion engulfs the orc warrior!
Flame seeps out of the orc warrior.
The orc warrior is moderately wounded.
The fiery explosion engulfs your butterfly!!
Your butterfly disappears in a burst of colours!
The fiery explosion engulfs the orc warrior!!
The fiery explosion engulfs your butterfly!!!
Your butterfly disappears in a burst of colours!
Your butterfly explodes!
The fiery explosion engulfs you!
* * * LOW HITPOINT WARNING * * *
A demonic guardian appears!
The orc warrior explodes!
The fiery explosion engulfs the orc warrior!
Flame seeps out of the orc warrior.
The orc warrior is almost dead.
Your demonic guardian avoids your attack.
Your butterfly explodes!
The fiery explosion engulfs you!!
You die...

##### ############
..)..## ##.§§§....∩.##
..)..######.§§§@#......#
..##b.#....#.o§5###.....#
...8.o'....oo§§§.8.....∩#
..##..#....#..b)###.....#
..)..######.....#......#
...).## ##))..)...∩.##
##### ############


You could see 3 orc warriors and a friendly iron imp (summoned).

Vanquished Creatures
  Pikel (D:6)
  A wyvern (D:7)
  Edmund (D:6)
  An orc warrior (Bailey)
  A sky beast (D:7)
  An ogre (D:4)
  2 black bears (D:6)
  2 lemures (D:6)
  A phantom (D:6)
  2 kobold brigands (D:6)
  4 scorpions
  A bullfrog (D:6)
  A necrophage (D:5)
  3 wights (D:5)
  A human zombie (D:5)
  2 jellies
  A hound (D:5)
  An orc priest (D:6)
  8 iguanas
  An orc wizard (D:6)
  3 mummies (D:5)
  Robin (D:3)
  6 adders
  2 white imps (D:6)
  A dart slug (D:4)
  2 worms (D:2)
  19 orcs
  6 ball pythons
  9 endoplasms
  3 giant cockroaches
  12 hobgoblins
  7 jackals
  13 kobolds
  2 quokkas (D:3)
  6 bats
  5 frilled lizards
  24 goblins
  5 rats
162 creatures vanquished.

Vanquished Creatures (collateral kills)
  2 wights (D:5)
  A mummy (D:5)
  A white imp (D:5)
  An orc (Bailey)
  3 kobolds (D:6)
  A foxfire (Bailey)
9 creatures vanquished.

Vanquished Creatures (others)
  3 ancestors
  243 foxfires
  6 plants (D:5)
252 creatures vanquished.

Grand Total: 423 creatures vanquished

Notes
Turn   | Place    | Note
-------+----------+-------------------------------------------
     0 | D:1      | croobank the Demonspawn Fire Elementalist began the quest
                  | for the Orb.
     0 | D:1      | Reached XP level 1. HP: 13/13 MP: 3/3
    32 | D:1      | Found Umar's Assorted Antiques.
   314 | D:1      | Gained mutation: You are surrounded by a mild repulsion
                  | field. (EV +2) [demonic ancestry]
   314 | D:1      | Reached XP level 2. HP: 13/19 MP: 1/5
   317 | D:1      | Learned a level 2 spell: Scorch
   679 | D:1      | Found Fuymenas's General Store.
   687 | D:1      | Bought a scroll of identify for 20 gold pieces
   904 | D:1      | Bought a scroll of immolation for 40 gold pieces
   968 | D:1      | Found Egar's Magic Scroll Shoppe.
  1880 | D:2      | Reached XP level 3. HP: 25/25 MP: 1/6
  2291 | D:2      | Reached skill level 1 in Fighting
  2383 | D:2      | You fall into a shaft and drop 2 floors!
  2470 | D:3      | Identified the +10 dagger "Hurgheq" {vorpal, rN+ rCorr}
  2732 | D:3      | Reached XP level 4. HP: 32/32 MP: 7/7
  3433 | D:1      | Bought a scroll of identify for 24 gold pieces
  3433 | D:1      | Bought a scroll of identify for 24 gold pieces
  3433 | D:1      | Bought a scroll of identify for 24 gold pieces
  3433 | D:1      | Bought a scroll of identify for 24 gold pieces
  3497 | D:1      | Bought a scroll of teleportation for 30 gold pieces
  3604 | D:3      | Noticed Robin
  3620 | D:3      | Killed Robin
  3956 | D:3      | Gained mutation: A weak demonic guardian rushes to your
                  | aid. [demonic ancestry]
  3956 | D:3      | Reached XP level 5. HP: 37/37 MP: 8/8
  4629 | D:4      | Found a sacrificial altar of Ru.
  4656 | D:4      | Noticed an ogre
  4663 | D:4      | Killed an ogre
  4664 | D:4      | Reached skill level 1 in Short Blades
  4664 | D:4      | Reached skill level 1 in Poison Magic
  4675 | D:4      | Gained mutation: You are surrounded by a moderate repulsion
                  | field. (EV +3) [demonic ancestry]
  4675 | D:4      | Reached XP level 6. HP: 33/44 MP: 1/10
  5014 | D:4      | Found Buni's CLEARANCE SALE!.
  5021 | D:4      | Bought 2 curare-tipped darts for 7 gold pieces
  5037 | D:4      | Found a runed translucent gate.
  5037 | D:4      | Found a runed translucent gate.
  5039 | D:4      | Found a runed translucent gate.
  5040 | D:4      | Noticed pajopajo's ghost (amateur DrIE)
  5166 | D:5      | Entered Level 5 of the Dungeon
  5203 | D:5      | Found a staircase to the Ecumenical Temple.
  5210 | Temple   | Entered the Ecumenical Temple
  5235 | Temple   | Became a worshipper of Hepliaklqana the Forgotten
  5456 | D:5      | Reached skill level 1 in Invocations
  5772 | D:5      | Reached skill level 2 in Invocations
  5772 | D:5      | Reached XP level 7. HP: 20/50 MP: 4/11
  6063 | D:5      | Reached * piety under Hepliaklqana
  6439 | D:5      | Found an ancient bone altar of Kikubaaqudgha.
  6700 | D:5      | Reached skill level 3 in Invocations
  7303 | D:6      | Gained mutation: You are surrounded by a strong repulsion
                  | field. (EV +4, RMsl) [demonic ancestry]
  7303 | D:6      | Reached XP level 8. HP: 51/51 MP: 13/13
  7311 | D:6      | Found a radiant altar of Vehumet.
  7324 | D:6      | Reached skill level 4 in Invocations
  7396 | D:6      | Found a stormy altar of Qazlal.
  7877 | D:6      | Reached skill level 5 in Invocations
  8104 | D:6      | Noticed Pikel
  8126 | D:6      | Killed Pikel
  8127 | D:6      | Reached XP level 9. HP: 9/57 MP: 3/15
  8407 | D:6      | Found a burning altar of Makhleb.
  8578 | D:6      | Noticed Edmund
  8589 | D:6      | Killed Edmund
  8590 | D:6      | Reached skill level 6 in Invocations
  9260 | D:7      | Found a flagged portal.
  9291 | D:7      | Learned a level 1 spell: Beastly Appendage
  9294 | D:7      | Learned a level 2 spell: Wereblood
  9297 | D:7      | Learned a level 2 spell: Poisonous Vapours
  9302 | D:7      | Learned a level 4 spell: Flame Wave
  9303 | Bailey   | Entered a bailey
  9470 | Bailey   | HP: 1/58 [spore (17)]
  9470 | Bailey   | Killed by an exploding butterfly... ignited by their inner
                  | flame

Illustrated notes

Levels and vault maps discovered:
D:1:      dpeg_chamrin_arrival_tetris, layout_loops_ring, serial_shops, shop,
          shop, nicolae_shop_window_shopping, chequers_jeans
D:2:      layout_basic, minmay_misc_feat_ornament, minmay_tetromino_o2
D:3:      layout_basic, minmay_quantized, uniq_robin
D:4:      layout_cave_pools, nicolae_ru_sacrificial_ziggurat,
          gammafunk_ghost_split, nicolae_shop_clearance
D:5:      layout_basic, lemuel_mausoleum_altar_kikubaaqudgha,
          minmay_temple_entry_gardened_gates
D:6:      layout_layer_cave, lemuel_tele_altar,
          mainiacjoe_overflow_catch_the_wave, corexii_checkpoint_b, uniq_pikel,
          uniq_edmund
D:7:      layout_basic, marbit_many_paths, enter_bailey_5
Temple:   eino_temple_scatter_basement
Bailey:   bailey_polearm_5, bailey

Skill      XL: |  1  2  3  4  5  6  7  8  9 |
---------------+----------------------------+-----
Stealth        | 2 3 4 |  4.5
Dodging        | 2 3 4 |  4.1
Fighting       | 1 2 3 |  3.8
Fire Magic     | 3 4 |  4.7
Conjurations   | 2 3 4 |  4.2
Short Blades   | 1 2 3 |  3.2
Poison Magic   | 1 2 3 |  3.6
Invocations    | 2 3 5 6 |  6.3
Spellcasting   | 3 4 |  4.1

Action                   |  1- 3 |  4- 6 |  7- 9 || total
-------------------------+-------+-------+-------++-------
Melee: Unarmed           |     1 |       |       ||     1
       Dagger            |    32 |   100 |   102 ||   234
       Punch             |       |       |     1 ||     1
 Cast: Foxfire           |    53 |    17 |    71 ||   141
       Scorch            |    11 |    15 |    40 ||    66
  Use: Scroll            |       |    12 |     7 ||    19
 Stab: Sleeping          |       |     3 |     4 ||     7
       Distracted        |       |       |     1 ||     1
Armor: Robe              |    13 |    23 |    15 ||    51
Dodge: Dodged            |    38 |    94 |    81 ||   213
       Repelled          |       |       |     2 ||     2
